Map: Odyssey LE

Players

iggythefisk

  • Race: Protoss Protoss
  • Spawn Location: 5:00

Sadist

  • Race: Protoss Protoss
  • League: Master
  • Spawn Location: 11:00

matathemyra

  • Race: Terran Terran

PhynixHduO

  • Race: Terran Terran
  • League: Diamond

VOD

Have the link to the VOD?

Description

Time

  • Played on: Nov. 20, 2017, 2:36 p.m.
  • Length: 16:47
Show
View Real Time Build Order
Export as new Build Order

iggythefisk Protoss 

Build Orders:  

Get SALT Encoding   

  12  0:00  Probe  
  13  0:12  Probe  
  14  0:18  Pylon  
  14  0:24  Probe  
  15  0:36  Probe  
  15  0:37  Gateway  
  16  0:48  Assimilator  
  16  0:49  Probe (Chrono Boost)  
  17  1:01  Probe (Chrono Boost), Pylon  
  18  1:06  Probe (Chrono Boost)  
  19  1:15  Probe  
  20  1:25  Cybernetics Core  
  20  1:27  Probe  
  21  1:39  Probe  
  22  1:51  Probe  
  23  1:55  Assimilator  
  23  2:01  Adept  
  23  2:02  Warp Gate (Chrono Boost)  
  25  2:14  Nexus  
  25  2:19  Pylon  
  25  2:21  Probe  
  26  2:28  Adept  
  28  2:33  Assimilator  
  28  2:39  Probe  
  28  2:42  Gateway  
  28  2:55  Adept  
  30  3:03  Robotics Facility  
  30  3:06  Probe  
  31  3:19  Probe  
  32  3:22  Adept  
  32  3:31  Probe  
  32  3:33  Pylon  
  32  3:34  Probe (Chrono Boost)  
  34  3:43  Probe (Chrono Boost)  
  36  3:50  Probe (Chrono Boost)  
  36  3:55  Pylon  
  38  3:57  Probe (Chrono Boost)  
  38  3:59  Immortal (Chrono Boost), Probe x2 (Chrono Boost)  
  43  4:03  Adept  
  43  4:08  Adept  
  47  4:12  Shield Battery  
  47  4:14  Probe  
  48  4:25  Adept  
  48  4:26  Probe  
  48  4:30  Probe  
  53  4:32  Observer (Chrono Boost)  
  53  4:38  Adept  
  55  4:39  Probe, Robotics Bay  
  55  4:45  Gateway  
  56  4:48  Probe  
  57  5:02  Probe (Chrono Boost), Twilight Council  
  57  5:06  Warp Prism (Chrono Boost)  
  61  5:10  Adept  
  61  5:11  Probe (Chrono Boost)  
  61  5:12  Assimilator  
  61  5:13  Probe  
  64  5:17  Probe  
  64  5:18  Pylon  
  64  5:20  Adept  
  67  5:25  Probe  
  68  5:32  Gravitic Drive  
  68  5:39  Adept  
  68  5:42  Disruptor (Chrono Boost)  
  73  5:43  Shield Battery  
  73  5:44  Shield Battery  
  73  5:49  Assimilator, Probe  
  74  5:53  Probe  
  74  5:54  Adept, Pylon  
  77  6:15  Disruptor (Chrono Boost)  
  77  6:17  Pylon  
  80  6:20  Gateway  
  80  6:27  Probe x2  
  82  6:37  Resonating Glaives  
  82  6:42  Adept  
  82  6:43  Warp Prism, Adept x2  
  88  7:07  Adept x3  
  94  7:23  Pylon  
  94  7:24  Probe  
  94  7:34  Disruptor, Probe  
  94  7:36  Probe  
  85  7:49  Adept  
  85  7:50  Adept x2  
  85  7:55  Nexus  
  78  7:59  Gateway  
  78  8:05  Adept  
  80  8:17  Adept x2, Charge (Chrono Boost)  
  80  8:18  Adept  
  86  8:34  Adept  
  83  8:49  Adept  
  83  8:50  Adept x2  
  83  8:54  Disruptor (Chrono Boost)  
  86  8:58  Stalker  
  74  9:09  Gateway x2  
  72  9:10  Zealot x2  
  72  9:11  Zealot  
  72  9:12  Pylon  
  72  9:15  Probe  
  72  9:16  Probe x2  
  77  9:20  Stalker  
  77  9:21  Gateway, Disruptor  
  82  9:28  Stalker, Probe x3  
  87  9:33  Stalker x3  
  87  9:35  Shield Battery  
  93  9:43  Forge x2  
  93  9:45  Pylon  
  93  9:48  Blink (Chrono Boost)  
  93  9:56  Stalker  
  93  9:57  Stalker, Disruptor  
  87  10:12  Stalker  
  87  10:13  Stalker  
  80  10:15  Stalker  
  75  10:21  Stalker  
  75  10:22  Stalker  
  75  10:24  Probe x3  
  76  10:36  Stalker  
  76  10:37  Nexus  
  76  10:40  Warp Prism, Pylon  
  76  10:41  Pylon  
  77  10:42  Pylon  
  77  10:45  Probe x3  
  78  10:55  Extended Thermal Lance  
  77  11:00  Probe x3  
  77  11:03  Assimilator  
  80  11:05  Zealot  
  80  11:06  Assimilator  
  71  11:14  Zealot x2  
  71  11:15  Colossus (Chrono Boost)  
  71  11:16  Zealot  
  71  11:17  Probe  
  75  11:20  Probe  
  75  11:23  Probe  
  77  11:35  Stalker, Zealot  
  77  11:36  Zealot  
  77  11:39  Protoss Ground Weapons Level 1  
  83  11:40  Protoss Ground Armor Level 1  
  83  11:43  Probe x2  
  85  11:50  Probe  
  86  11:57  Shield Battery  
  86  12:05  Stalker x2, Observer (Chrono Boost)  
  91  12:20  Colossus (Chrono Boost)  
  96  12:29  Probe x2  
  92  12:30  Probe  
  92  12:31  Stalker x2  
  92  12:33  Probe  
  96  12:41  Probe  
  93  12:44  Zealot x3  
  93  12:46  Probe x2  
  93  12:48  Probe  
  98  12:58  Probe x2  
  92  13:04  Assimilator, Probe  
  93  13:16  Photon Cannon  
  93  13:19  Zealot  
  99  13:27  Dark Shrine  
  89  13:37  Photon Cannon, Probe  
  88  13:41  Shield Battery  
  88  13:46  Shield Battery  
  88  13:47  Probe x3  
  91  13:49  Probe  
  91  13:51  Colossus  
  92  13:59  Probe  
  92  14:00  Probe  
  94  14:04  Stalker, Pylon  
  94  14:06  Stalker, Pylon  
  98  14:10  Stalker  
  98  14:12  Sentry  
  102  14:17  Probe x2  
  102  14:18  Probe  
  105  14:28  Sentry  
  105  14:29  Stalker  
  109  14:33  Stalker  
  100  14:45  Stalker  
  99  14:56  Stalker x2  
  99  14:59  Colossus (Chrono Boost)  
  103  15:04  Pylon  
  109  15:09  Sentry  
  105  15:21  Dark Templar x2  
  105  15:23  Dark Templar  
  76  15:47  Nexus  
  76  15:59  Stalker x2  
  76  16:00  Stalker  
  76  16:01  Colossus (Chrono Boost)  
Show
View Real Time Build Order
Export as new Build Order

Sadist Protoss 

Build Orders:  

Get SALT Encoding   

  12  0:00  SCV  
  13  0:13  SCV  
  14  0:17  Supply Depot  
  14  0:25  SCV  
  15  0:30  Refinery  
  15  0:38  SCV  
  16  0:46  Barracks  
  16  0:50  SCV  
  17  1:06  Barracks  
  17  1:10  SCV  
  18  1:17  Refinery  
  18  1:22  SCV  
  19  1:33  Barracks Reactor  
  19  1:40  Orbital Command  
  19  1:57  Supply Depot  
  19  1:58  Barracks Tech Lab  
  19  2:06  SCV  
  20  2:09  Marine x2  
  22  2:18  SCV  
  22  2:19  Marauder  
  22  2:21  Concussive Shells  
  25  2:31  Engineering Bay  
  25  2:32  SCV  
  26  2:41  Marauder  
  28  2:45  SCV  
  28  2:50  Supply Depot  
  29  3:01  Marine x2  
  31  3:13  Command Center  
  31  3:19  Marine  
  32  3:20  Marauder  
  32  3:21  Marine  
  32  3:26  SCV  
  36  3:29  Refinery  
  36  3:36  Missile Turret, Marine  
  37  3:41  Stimpack  
  37  3:47  Supply Depot  
  37  3:51  Marine x2  
  39  3:59  Supply Depot  
  39  4:08  Marine x2  
  39  4:09  SCV, Marine  
  43  4:17  Terran Infantry Weapons Level 1  
  43  4:26  Marine  
  43  4:27  SCV  
  43  4:30  Marine  
  46  4:33  Factory  
  46  4:39  SCV, Marine  
  46  4:44  Marine  
  49  4:48  Missile Turret, Marine  
  49  4:51  SCV  
  51  4:53  Orbital Command  
  51  4:59  Marine  
  52  5:01  Marine  
  52  5:06  Marine  
  54  5:14  SCV  
  54  5:16  Supply Depot  
  54  5:17  Marine  
  54  5:18  Starport  
  54  5:20  Factory Reactor  
  56  5:28  SCV  
  57  5:29  SCV  
  57  5:33  Marine  
  57  5:34  Marine  
  60  5:40  SCV  
  60  5:42  Combat Shields, SCV  
  62  5:43  Marine  
  63  5:51  Barracks, Marine  
  63  5:52  Marine  
  65  6:01  SCV x2, Marine  
  65  6:03  Medivac, Refinery  
  65  6:04  Refinery  
  69  6:05  Medivac  
  71  6:13  SCV  
  71  6:14  Marine  
  71  6:15  Factory Reactor  
  73  6:19  Marauder  
  73  6:21  Barracks  
  73  6:22  SCV  
  76  6:27  SCV  
  77  6:34  SCV  
  78  6:47  SCV  
  78  6:50  Command Center  
  78  6:53  Supply Depot  
  75  7:04  SCV  
  75  7:07  Marine x3  
  78  7:14  Widow Mine x2, Marine  
  83  7:16  Supply Depot  
  83  7:19  Marine  
  83  7:20  Medivac  
  86  7:24  Supply Depot  
  86  7:29  Marine x2  
  83  7:32  Marine  
  83  7:33  Marauder  
  83  7:36  Terran Infantry Armor Level 1, Marine  
  74  7:43  Widow Mine  
  74  7:44  Widow Mine  
  74  7:47  Marine  
  74  7:48  Marine  
  70  7:51  SCV, Marine  
  70  7:54  Marauder, Marine  
  69  8:02  SCV  
  69  8:03  SCV  
  69  8:05  Marine  
  72  8:06  Marine  
  73  8:13  Barracks Reactor  
  73  8:16  Marauder  
  70  8:31  Widow Mine  
  70  8:32  Widow Mine  
  70  8:33  Medivac, Marine  
  70  8:34  Marine x2  
  78  8:37  Marauder  
  77  8:50  Marine x2  
  77  8:51  Marine x3  
  77  8:52  Liberator  
  77  8:53  Command Center  
  81  8:58  Marauder, SCV x2  
  83  9:08  Marine x2  
  83  9:09  Reaper, Marine  
  91  9:10  SCV  
  91  9:11  SCV  
  91  9:13  Medivac  
  91  9:14  Marine  
  91  9:19  Marine  
  91  9:20  Supply Depot  
  92  9:26  Marine x2  
  92  9:27  Marine  
  95  9:32  Marine  
  95  9:34  Supply Depot  
  95  9:37  Marine  
  97  9:41  Widow Mine x2, Marine  
  97  9:43  Medivac, Supply Depot, SCV  
  97  9:44  SCV  
  105  9:53  Marine  
  105  9:55  Marauder  
  105  9:57  Marine x2  
  110  10:06  Armory  
  110  10:07  Orbital Command  
  109  10:14  Marine x3  
  109  10:15  Marine  
  109  10:16  Widow Mine  
  109  10:17  Marauder  
  109  10:18  Widow Mine  
  109  10:20  Marine  
  105  10:32  Marine x2  
  105  10:34  SCV  
  105  10:35  SCV  
  109  10:36  Orbital Command  
  109  10:38  Marauder  
  109  10:42  Engineering Bay  
  109  10:45  Supply Depot  
  109  10:46  SCV  
  109  10:47  SCV  
  111  10:52  Marine  
  111  10:53  Marine x2  
  111  10:57  Barracks Reactor  
  111  10:59  Marauder  
  111  11:01  SCV x2  
  111  11:03  SCV  
  116  11:06  Marine  
  115  11:14  SCV x2  
  104  11:19  Marine x3  
  104  11:20  Marine  
  104  11:24  Liberator, Marine  
  104  11:25  Medivac  
  111  11:35  SCV x2  
  111  11:37  Liberator, Marine  
  111  11:38  SCV  
  112  11:43  Marine x2  
  112  11:44  Marauder, Marine  
  118  11:47  SCV  
  118  11:52  Terran Infantry Weapons Level 2  
  118  11:53  Barracks  
  119  11:55  Terran Infantry Armor Level 2  
  119  11:59  Refinery  
  119  12:00  Widow Mine  
  126  12:01  Widow Mine  
  126  12:06  Marine x5  
  126  12:07  Liberator  
  131  12:13  Marauder, Marine  
  134  12:20  Liberator  
  134  12:24  Marine x2  
  132  12:31  Widow Mine  
  132  12:32  Widow Mine  
  132  12:33  Command Center  
  132  12:34  Starport, Marine  
  132  12:35  Marauder, Marine  
  135  12:39  Marine  
  135  12:46  Marine x3  
  135  12:50  Liberator  
  137  12:55  Command Center  
  137  12:56  Marauder  
  132  13:00  Marine x3  
  135  13:06  Refinery  
  138  13:17  Marauder, Marine x2  
  138  13:18  Marine  
  138  13:19  Marine  
  144  13:20  Medivac  
  144  13:21  Barracks Tech Lab  
  142  13:34  Liberator, Starport Tech Lab  
  142  13:36  SCV x2  
  142  13:37  Fusion Core  
  142  13:39  Marauder  
  146  13:41  Liberator  
  146  13:44  Marine x5  
  146  13:45  Marauder  
  149  13:51  Medivac, Marine  
  155  13:59  Widow Mine x2  
  155  14:00  Marauder  
  155  14:02  Marine x5  
  168  14:03  SCV  
  168  14:04  SCV  
  168  14:06  Marine  
  168  14:09  Marine  
  171  14:12  SCV  
  171  14:17  SCV x2  
  174  14:19  Marine x2  
  174  14:20  Marine x3  
  174  14:21  Medivac  
  174  14:22  Marauder  
  174  14:23  Marine  
  184  14:25  SCV  
  184  14:27  Marine  
  184  14:29  SCV x2  
  184  14:30  Widow Mine  
  188  14:35  Supply Depot  
  188  14:37  Supply Depot, Marine x3  
  188  14:38  Marine x2  
  183  14:39  Liberator  
  183  14:41  Marine  
  183  14:42  SCV  
  183  14:43  Marauder, SCV x2  
  183  14:44  Marine  
  186  14:48  Widow Mine  
  186  14:50  Liberator x2  
  188  14:56  Marine  
  194  15:00  Marauder  
  194  15:01  SCV  
  194  15:04  Supply Depot x2  
  190  15:10  Advanced Ballistics  
  191  15:19  Planetary Fortress  
  191  15:22  Liberator  
  191  15:23  Widow Mine  
  191  15:28  Refinery x2  
  193  15:33  Marauder, Liberator  
  193  15:34  Marauder, Marine x2  
  191  15:36  SCV  
  191  15:37  SCV  
  191  15:38  SCV  
  172  15:48  SCV  
  172  15:49  SCV, Marine x3  
  170  15:50  Medivac, Marine  
  170  15:55  Marauder x2  
  173  16:05  Marine x2  
  173  16:10  Widow Mine x2  
  174  16:16  Marauder  
  174  16:17  Marauder  
  168  16:26  SCV x3  
  168  16:29  Missile Turret  
Show
View Real Time Build Order
Export as new Build Order

matathemyra Terran 

Build Orders:  

Get SALT Encoding   

Show
View Real Time Build Order
Export as new Build Order

PhynixHduO Terran 

Build Orders:  

Get SALT Encoding   

Tags
 
Add a new tag
Caveats
  • Supply blocks, unpowered buildings, or Contaminate may cause inaccurate times.
  • Supply counts are checked every 10 seconds.